 Dungeon Crawl Stone Soup version 0.16-a0-747-geaeaf20 (webtiles) character file.

337 RobertPalmer the Sneak (level 6, -1/36 HPs)
             Began as an Octopode Ice Elementalist on Sept 23, 2014.
             Slain by a hobgoblin (4 damage)
             ... on Level 4 of the Dungeon.
             The game lasted 00:10:25 (5901 turns).

RobertPalmer the Sneak (Octopode Ice Elementalist)  Turns: 5901, Time: 00:10:26

HP  -1/36        AC  1     Str  7      XL: 6   Next: 54%
MP  10/10        EV 12     Int 21      God:
Gold 134         SH  0     Dex 14      Spells:  4 memorised,  3 levels left

rFire  . . .     SeeInvis .     a - +1 dagger (speed)
rCold  . . .     Clarity  .     (no shield)
rNeg   . . .     rCorr    .     (helmet restricted)
rPois  .         rRot     .     (no amulet)
rElec  .         Spirit   .     k - +3 ring of intelligence
SustAb .         Warding  .     (no ring)
rMut   .         Stasis   .     (no ring)
Gourm  .                        (no ring)
MR     .....                    (no ring)
                                (no ring)
                                (no ring)
                                (no ring)

@: lethally poisoned, not resistant to hostile enchantments, quite stealthy
A: almost no armour, amphibious, 8 rings, constrict 8, camouflage 1, gelatinous
body 1
a: no special abilities


You were on level 4 of the Dungeon.
You were very hungry.

You visited 1 branch of the dungeon, and saw 4 of its levels.

You collected 134 gold pieces.


Innate Abilities, Weirdness & Mutations

You cannot wear most types of armour.
You are amphibious.
You can wear up to eight rings at the same time.
You can use your tentacles to constrict many enemies at once.
Your skin changes colour to match your surroundings (Stealth).
Your rubbery body absorbs attacks (AC +1).


   Skills:
 - Level 2.0 Dodging
 + Level 6.5 Stealth
 - Level 2.0 Spellcasting
   Level 1.0 Conjurations
 - Level 5.7 Ice Magic


You had 3 spell levels left.
You knew the following spells:

 Your Spells              Type           Power        Failure   Level  Hunger
a - Ozocubu's Armour      Chrm/Ice       ##......     17%         3    ###....
e - Apportation           Tloc           #.........   14%         1    #......
z - Freeze                Ice            ####         1%          1    #......
Z - Animate Skeleton      Necr           N/A          14%         1    #......

Inventory:

Hand weapons
 a - a +1 dagger of speed (weapon)
 b - a +0 blowgun
 t - a +0 short sword of freezing
 x - a +2 short sword of holy wrath
Missiles
 y - 15 poisoned needles
Comestibles
 c - 3 bread rations
 f - 3 fruits
 i - 4 meat rations
 m - 2 beef jerkies
 w - a slice of pizza
Scrolls
 d - a scroll of immolation {unknown}
 g - a scroll of enchant armour {unknown}
 h - a scroll of enchant weapon {unknown}
 j - 4 scrolls of remove curse {unknown}
 n - a scroll of fear {unknown}
 p - a scroll of random uselessness {unknown}
 r - a scroll of noise {unknown}
Jewellery
 k - a +3 ring of intelligence (left tentacle)
Potions
 e - a potion of curing {unknown}
 q - a potion of berserk rage
 s - 2 potions of haste
 u - a potion of invisibility {unknown}
Books
 l - a book of Frost

Dungeon Overview and Level Annotations

Branches:
Dungeon (4/15)
 Temple: D:4-7

Altars:
Fedhas
Gozag
Qazlal
Xom

Annotations:
D:4 RobertPalmer's ghost, average OpIE

#### # # .o. =# ...
.##O##.#######.#
.^......oo)..##..S.####
...
.)..##....W.g.......
... ###.##@####### #..
#.##.# #.# #.##.# #.#
#.##.# #.#### #.##.###
##....# #......#
...##.# #..$.$.######
#####.# #........[....
# #.# ##.....######


You could see an orc priest, RobertPalmer's ghost, 2 orcs, a hobgoblin and a
ball python.


Message History

You feel sick.
You feel sick.
An orc priest comes into view. It is wielding a short sword.
A hobgoblin and an orc come into view.
An orc and an ogre come into view.
The helpless orc priest fails to defend itself.
You impale the orc priest!!
You kill the orc priest!
You feel sick. RobertPalmer's ghost hits you.
* * * LOW HITPOINT WARNING * * *
You are more poisoned.
Read which item? (? for menu, Esc to quit)
Okay, then.
An orc comes into view. It is wielding a trident.
You feel sick.
The orc shouts!
Found a runed dagger.
You feel sick.
RobertPalmer's ghost whispers, "Meet the emptiness of death!"
RobertPalmer's ghost casts a spell at you.
You are frozen.
* * * LOW HITPOINT WARNING * * *
An orc priest comes into view. It is wielding a mace.
The hobgoblin shouts!
A ball python comes into view.
* * * LOW HITPOINT WARNING * * *
You feel sick.
The orc priest shouts!
The hobgoblin hits you.
You die...

Action                   |  1- 3 |  4- 6 || total
-------------------------+-------+-------++-------
Melee: Unarmed           |     1 |       ||     1
       Dagger            |    76 |   132 ||   208
       Short sword       |     3 |    33 ||    36
 Cast: Freeze            |    32 |    46 ||    78
  Use: Scroll            |     1 |     4 ||     5
       Potion            |       |     1 ||     1
 Stab: Sleeping          |     6 |    12 ||    18
       Distracted        |       |     1 ||     1
  Eat: Chunk             |     5 |    10 ||    15

Vault maps used:
D:1:      dpeg_arrival_three_bigger_balls
D:2:      minmay_surrounded
D:3:      lemuel_coloured_pillars_altar, first_bread, fedhas_altar_1,
          uniq_jessica
D:4:      lemuel_doored_altar, kennysheep_mini

Notes
Turn   | Place    | Note
--------------------------------------------------------------
     0 | D:1      | RobertPalmer, the Octopode Ice Elementalist, began the quest for the Orb.
     0 | D:1      | Reached XP level 1. HP: 11/11 MP: 3/3
   380 | D:1      | Reached XP level 2. HP: 12/17 MP: 4/4
   910 | D:1      | Reached skill level 4 in Ice Magic
   916 | D:1      | Reached XP level 3. HP: 18/21 MP: 0/6
  1966 | D:1      | Learned a level 3 spell: Ozocubu's Armour
  2286 | D:2      | Reached XP level 4. HP: 25/27 MP: 7/7
  2523 | D:2      | Reached skill level 5 in Ice Magic
  3119 | D:3      | Noticed Jessica
  3135 | D:3      | Killed Jessica
  3257 | D:3      | Reached XP level 5. HP: 31/31 MP: 9/9
  3377 | D:3      | Found an opulent altar of Gozag.
  3857 | D:3      | Reached skill level 3 in Stealth
  4381 | D:3      | Found a blossoming altar of Fedhas.
  4670 | D:4      | Reached skill level 4 in Stealth
  4874 | D:4      | Noticed RobertPalmer's ghost (average OpIE)
  4892 | D:3      | Learned a level 1 spell: Animate Skeleton
  4894 | D:3      | Learned a level 1 spell: Apportation
  5027 | D:4      | Reached skill level 5 in Stealth
  5027 | D:4      | Reached XP level 6. HP: 27/36 MP: 7/10
  5117 | D:4      | Found a shimmering altar of Xom.
  5159 | D:4      | Found a stormy altar of Qazlal.
  5689 | D:4      | Reached skill level 6 in Stealth
  5896 | D:4      | Noticed an ogre
  5901 | D:4      | HP: 3/36 [poisoned by RobertPalmer's ghost]
  5901 | D:4      | Slain by a hobgoblin

Vanquished Creatures
  An orc priest (D:4)
  A centaur skeleton (D:4)
  An orc wizard (D:4)
  2 worker ants (D:4)
  Jessica (D:3)
  3 adders
  An orc skeleton (D:4)
  3 worms
  7 giant geckos
  2 oozes (D:3)
  8 orcs
  9 bats
  11 hobgoblins
  13 jackals
  7 quokkas
  2 ball pythons
  7 giant cockroaches
  7 giant newts
  14 goblins
  11 kobolds
  14 rats
125 creatures vanquished.
